puck, lawful female human Valkyrie ------- -------------- |.._..| --..|`..`..`..`| |`...`| --...#..........| |.....| --------- --....|-|------|-| ----|---- --.......-- --.....#..........-----|.......|---------+--- --------..[......----.....--...............#...)...#.....||.....| --.........^}}}...........--............................`.|-...).| |<..........}{}..)........-............................._.-......|-- -- --.........)}}}[.....(....--................)...........`.|-..[..|.- + -. --------.........----.....--...............#.......#.....||.....|. . . ..... . --...[...-- *--.....#..........-----|...[...|---------|---....... . . . . --------- . --....|-+------|-| ----|---- ) . . . ... . ... ..*...... ...--...#..........|. ...|.....|*...... .f.@+.o ... ... . . . . . . . . --..|`..`..`..`|. . .|`...`|. . . . . . ..... ....... * ... ...---------------..* .|.._..|. ..... . ... ..... . . . . .-------. . . . . . ..} *.*.................. ..................... ......... ............. ......}} .}}{ puck the Fighter Experience level: 9 Strength: 19 Dexterity: 13 Constitution: 17 Intelligence: 11 Wisdom: 12 Charisma: 9 Health: 0(64) Energy: 18(18) Def: 5 Gold: 85 Moves: 8879 Dungeon seed: NM_mZ4f8m1N3DCO7 Game ID: puck_1559348801 Your Inventory: Coins $ - 85 gold pieces Weapons f - an uncursed +0 long sword r - the blessed rustproof +1 Excalibur (weapon in hand) Armor n - an uncursed +0 orcish helm (being worn) q - an uncursed +0 dwarvish cloak (being worn) y - an uncursed +0 pair of speed boots (being worn) Y - an uncursed +0 ring mail of cold immunity (being worn) Comestibles g - an uncursed eucalyptus leaf u - an uncursed male lizard corpse F - 2 uncursed fortune cookies V - 3 uncursed food rations Potions t - an uncursed potion of healing Scrolls M - an uncursed scroll of earth Rings C - an uncursed ring of poison immunity Wands k - an uncursed wand of digging (0:2) x - an uncursed wand of sleep (0:4) H - an uncursed wand of magic missile (0:7) K - an uncursed wand of striking (0:7) Tools a - a blessed bag of holding d - an uncursed oil lamp (0:0) m - an uncursed tin opener p - an uncursed leash s - an uncursed magic whistle w - an uncursed towel S - an uncursed skeleton key Gems e - an uncursed luckstone z - 2 uncursed flint stones Contents of the bag of holding: 3530 gold pieces an uncursed +0 silver saber an uncursed +0 mummy wrapping 2 uncursed eggs 18 uncursed food rations an uncursed lembas wafer 2 uncursed pancakes a potion of holy water an uncursed potion of levitation an uncursed potion of see invisible 3 uncursed scrolls of identify an uncursed +1 ring of carrying an uncursed ring of fire immunity an uncursed +1 ring of increase damage an uncursed ring of stealth an uncursed wand of fire (0:4) an uncursed wand of light (0:14) an uncursed wand of lightning (0:1) an uncursed wand of magic missile (0:1) Spells and supernatural/magical abilities: Name Level Category Cost Memory W - pray for help -- divine ? -- Your skills at the end: Fighting Skills two weapon combat [Basic] wands [Basic] Weapon Skills dagger [Basic] long sword [Expert] saber [Basic] Spellcasting Skills Final Attributes: You were piously aligned. You were immune to cold. You were level-drain resistant. You were telepathic. You were stealthy. You were very fast. You were lucky. You had extra luck. Bad luck did not time out for you. Good luck did not time out for you. You last prayed 259 turns ago. Tyr was very pleased with you. You are dead. Vanquished creatures: a giant mimic a large mimic a water demon a small mimic a giant beetle 2 quivering blobs a cockatrice 2 leprechauns an orc-captain 2 giant spiders an ice vortex 3 gnome kings an orc mummy 2 gold golems 2 lizards a dog 2 dingos 2 jaguars 2 dust vortices a raven a plains centaur a gnome mummy 2 snakes an ape a soldier ant 6 fire ants a bugbear an imp a wood nymph 3 water nymphs 10 Mordor orcs 11 Uruk-hai 9 orc shamans 2 rock moles a pony a fog cloud a yellow light 2 shriekers a violet fungus 11 gnome lords 6 gnomish wizards a kobold mummy a gray ooze a straw golem a paper golem a baby crocodile a giant ant 4 little dogs 2 floating eyes 5 kittens 4 dwarves 2 homunculi 2 kobold lords 4 kobold shamans 14 hill orcs 5 rothes a centipede 3 giant bats 2 monkeys an orc zombie 2 dwarf zombies a werejackal 9 iguanas 3 acid blobs 7 coyotes 4 hobbits 3 large kobolds 2 hobgoblins 5 giant rats 14 cave spiders a yellow mold a red mold 47 gnomes 21 garter snakes 3 gnome zombies 12 geckos 7 jackals 3 foxes 6 goblins 6 sewer rats 9 grid bugs 2 bats 3 lichens a kobold zombie 6 newts 336 creatures vanquished. Voluntary challenges: You used a wielded weapon 347 times, starting on turn 118. You read items or engraved 2 times, starting on turn 979. You never genocided any monsters. You never polymorphed an object. You never changed form. You used no wishes. You never split a pudding. You never wrote Elbereth's name. You violated your moral code, losing 39 points of alignment, starting on turn 5471. Dungeon overview: The Dungeons of Doom: levels 1 to 8 Level 1 an altar to Odin, a fountain a long staircase Level 2 a general store, a vault stairs to The Gnomish Mines Level 3 a fountain, a vault Level 4 a general store, a fountain, a vault Level 5 a general store, some fountains, a vault Level 6 an altar to Tyr, a fountain Level 7 a fountain Level 8 stairs to Sokoban The Gnomish Mines: levels 3 to 10 Level 3 stairs to The Dungeons of Doom Level 4 Level 5 many shops, a temple to Tyr, some fountains Level 6 Level 7 Level 8 Level 9 Level 10 <- You were here some altars to Moloch, some fountains Sokoban: levels 4 to 7 Level 4 Solved Level 5 Solved Level 6 Solved Level 7 Solved stairs to The Dungeons of Doom History has recorded: On T:1 you entered the Dungeons of Doom to retrieve the Amulet of Yendor! On T:117 you reached level 2 of The Dungeons of Doom. On T:358 you reached level 3 of The Dungeons of Doom. On T:508 you advanced to experience level 2. On T:626 you reached level 4 of The Dungeons of Doom. On T:709 you advanced to experience level 3. On T:1063 you reached level 5 of The Dungeons of Doom. On T:1092 you reached level 6 of The Dungeons of Doom. On T:1115 you reached level 7 of The Dungeons of Doom. On T:1186 you advanced to experience level 4. On T:1202 you advanced to experience level 5. On T:1333 you reached level 8 of The Dungeons of Doom. On T:1435 you reached level 4 of Sokoban. On T:1674 you reached level 3 of Sokoban. On T:2078 you reached level 2 of Sokoban. On T:2421 you reached level 1 of Sokoban. On T:2497 you advanced to experience level 6. On T:3864 you advanced to experience level 7. On T:4558 you reached level 1 of The Gnomish Mines. On T:4593 you reached level 2 of The Gnomish Mines. On T:4702 you reached level 3 of The Gnomish Mines. On T:5046 you reached level 4 of The Gnomish Mines. On T:5305 you reached level 5 of The Gnomish Mines. On T:5353 you advanced to experience level 8. On T:8062 you reached level 6 of The Gnomish Mines. On T:8168 you reached level 7 of The Gnomish Mines. On T:8282 you reached level 8 of The Gnomish Mines. On T:8332 you advanced to experience level 9. Score breakdown: Gold: 3615 (12103 points) Experience: 9 levels (15756 points) Exploration: 10 levels ( 20.00%) (12857 points) Discoveries: 24 items ( 9.60%) ( 9295 points) Valuables value: (no points given unless you survive) Artifact value: 4000 (12253 points) Variety of kills: 85 monsters ( 22.37%) (14188 points) Turncount: 8879 turns (-2202 points) Survival: died (score multiplied by 80%) Total score: 59400 Latest messages: The force bolt hits the orc shaman! The orc shaman gets angry at the orc shaman! The force bolt hits you! You wake up. [5 turns] You kill the orc shaman! The orc shaman picks up a few items from the floor. You hit the orc shaman! The orc shaman casts a spell! The sleep ray hits the orc shaman! The sleep ray hits you! The sleep ray hits the large cat! The orc shaman casts a spell! The force bolt hits the orc shaman! The orc shaman is killed! The force bolt hits you! The orc shaman casts a spell! The force bolt hits you! The force bolt hits the large cat! The orc shaman casts a spell! The force bolt hits you! You die... Final status: Farvel puck the Valkyrie, killed by an orc shaman's force bolt, while sleeping... You died in The Gnomish Mines on dungeon level 10 with 59400 points, and 3615 pieces of gold, after 8879 moves. You were level 9 with a maximum of 64 hit points when you died.